 Dungeon Crawl Stone Soup version 0.29.1-15-g9cfb28693d (webtiles) character file.

Game seed: 8230976565410511516

87 hawla the Chiller (level 5, -4/38 HPs)
             Began as a Meteoran Ice Elementalist on Apr 13, 2023.
             Slain by a gnoll
             ... wielding a +0 spear
              (8 damage)
             ... on level 4 of the Dungeon.
             The game lasted 00:04:11 (796 turns).

hawla the Chiller (Meteoran Ice Elementalist)        Turns: 796, Time: 00:04:11

Health: -4/38      AC:  2    Str:  9    XL:     5   Next: 8%
Magic:  4/11       EV: 13    Int: 18    God:
Gold:   27         SH:  0    Dex: 15    Spells: 3/11 levels left

rFire   . . .      SeeInvis .   (no weapon)
rCold   . . .      Faith    .   (no shield)
rNeg    . . .      Spirit   .   a - +0 robe
rPois   .          Reflect  .   (no helmet)
rElec   .          Harm     .   (no cloak)
rCorr   .          Rampage  .   (no gloves)
Will    .....                   (no boots)
Stlth   +.........              (no amulet)
HPRegen 0.12/turn               (no ring)
MPRegen 0.12/turn               (no ring)

@: freezing walls, very slightly contaminated, glowing
A: sense surroundings 1, otherworldly, glowing, explore regen
a: no special abilities


You were on level 4 of the Dungeon.
You visited 1 branch of the dungeon, and saw 4 of its levels.

You collected 87 gold pieces.
You spent 60 gold pieces at shops.

Inventory:

Armour
 a - a +0 robe (worn)
Scrolls
 d - 4 scrolls of identify
 e - a scroll of vulnerability {unknown}
 h - a scroll of teleportation
 j - a scroll of fear {unknown}
Potions
 b - a potion of magic
 c - a potion of degeneration {unknown}
 f - 3 potions of attraction {unknown}
 g - a potion of curing {unknown}
 i - a potion of ambrosia {unknown}
 k - a potion of flight {unknown}


   Skills:
 - Level 0.1 Fighting
 - Level 2.7 Dodging
 - Level 1.4 Stealth
 - Level 3.9 Spellcasting
 + Level 1.0 Conjurations
 - Level 5.5 Ice Magic


You had 3 spell levels left.
You knew the following spells:

 Your Spells              Type           Power      Damage    Failure   Level
a - Freeze                Ice            92%        1d10      1%          1
b - Frozen Ramparts       Ice            46%        1d7       4%          3
c - Hailstorm             Conj/Ice       15%        3d5       36%         4

Your spell library contained the following spells:

 Spells                   Type           Power      Damage    Failure   Level
 Ozocubu's Armour         Ice            23%        N/A       4%          3
 Ozocubu's Refrigeration  Ice            11%        4d10      100%        7


Dungeon Overview and Level Annotations

Branches:
Dungeon (4/15) Zot: 1602
 Temple: D:4-7

Altars:
Wu Jian

Shops:
D:3 ?

Annotations:
D:3 3 runed translucent doors, GasterBasher's ghost, amateur OpTm
D:4 Pikel


Innate Abilities, Weirdness & Mutations

You passively map a small area around you.
You are easily found by Zot.
You glow in the dark.
You regain HP and MP as you explore.


Message History

Level annotation: Pikel
Found 10 gold pieces.
There is a stone staircase leading up here.
Casting: Frozen Ramparts (dangerous; 4% risk of failure)
Confirm with . or Enter, or press ? or * to list all spells.
Casting: Frozen Ramparts (dangerous; 4% risk of failure)
Press: ? - help, Dir - look around, f - activate A stone staircase leading up.
The walls around you are covered in ice.
You hear a shout!
The wall freezes the gnoll.
The gnoll closely misses you.
A gnoll comes into view. It is wielding a +0 club.
The wall freezes the gnoll!
The gnoll hits you from afar with a +0 halberd!
The wall freezes the gnoll.
The wall freezes the gnoll.
You kill the gnoll!
Your Conjurations skill increases to level 1!
You have reached level 5!
The wall freezes the gnoll.
The wall freezes the gnoll but does no damage.
A gnoll comes into view. It is wielding a +0 club.
The wall freezes the gnoll!
The gnoll hits you with a +0 club.
The wall freezes the gnoll.
The gnoll hits you from afar with a +0 spear!
* * * LOW HITPOINT WARNING * * *
Unknown command.
Casting: Frozen Ramparts (dangerous; 4% risk of failure)
Confirm with . or Enter, or press ? or * to list all spells.
The spell is extremely dangerous to miscast (36% risk of failure)!
Continue anyway?
Casting: Hailstorm (extremely dangerous; 36% risk of failure)
Press: ? - help, Dir - look around, f - activate You miscast Hailstorm.
You are very lightly contaminated with residual magic.
You are caught in a violent explosion!
* * * LOW HITPOINT WARNING * * *
The gnoll shouts!
The wall freezes the gnoll.
The gnoll hits you from afar with a +0 spear!
You die...

, * * , , ,, ,
. * * .. * ###
* ,,,... , ,
#..# ... * .).*
.. , #g##.# , ,
*#.@..#
....gg.........
.........##....
.......### ##.
, * * , .......
,, , , ,
....... ** , ,
.#####. , , ,..
,, , * , , ,


You could see 3 gnolls.

Vanquished Creatures
  An orc wizard (D:3)
  A gnoll (D:4)
  3 dart slugs
  8 orcs
  2 bats
  2 endoplasms (D:3)
  3 giant cockroaches
  A goblin (D:3)
  2 hobgoblins
  2 jackals (D:1)
  2 quokkas (D:3)
  A frilled lizard (D:2)
  4 kobolds
  2 rats (D:3)
34 creatures vanquished.

Notes
Turn   | Place    | Note
-------+----------+-------------------------------------------
     0 | D:1      | hawla the Meteoran Ice Elementalist began the quest for the
                  | Orb.
     0 | D:1      | Reached XP level 1. HP: 14/14 MP: 5/5
   101 | D:1      | Reached XP level 2. HP: 18/20 MP: 2/6
   159 | D:1      | You fall into a shaft and drop 1 floor!
   227 | D:2      | Reached skill level 5 in Ice Magic
   227 | D:2      | Reached XP level 3. HP: 24/26 MP: 6/8
   231 | D:2      | Learned a level 3 spell: Frozen Ramparts
   270 | D:3      | Found an ornate altar of the Wu Jian Council.
   348 | D:3      | Noticed GasterBasher's ghost (amateur OpTm)
   378 | D:3      | Found a runed translucent gate.
   378 | D:3      | Found a runed translucent gate.
   378 | D:3      | Found a runed translucent gate.
   407 | D:3      | Found Wuunubin's Magic Scroll Boutique.
   411 | D:3      | Bought a scroll of identify for 24 gold pieces
   411 | D:3      | Bought a scroll of teleportation for 36 gold pieces
   496 | D:3      | Noticed a phantom
   593 | D:3      | Reached XP level 4. HP: 32/33 MP: 3/10
   662 | D:4      | Noticed Pikel
   662 | D:4      | Noticed a lemure
   662 | D:4      | Noticed a lemure
   662 | D:4      | Noticed a lemure
   662 | D:4      | Noticed a lemure
   662 | D:4      | Noticed a phantom
   670 | D:3      | Learned a level 4 spell: Hailstorm
   755 | D:3      | Found a faded altar of an unknown god.
   794 | D:4      | Reached skill level 1 in Conjurations
   794 | D:4      | Reached XP level 5. HP: 25/38 MP: 7/11
   796 | D:4      | Slain by a gnoll

Illustrated notes

Levels and vault maps discovered:
D:1:      tarquinn_simple_flora_water_f, layout_basic, st_stairs_5
D:2:      layout_basic
D:3:      layout_basic, mainiacjoe_overflow_concentric_impassable,
          okawaru_altar_gauntlet_db, gammafunk_ghost_icy,
          nicolae_ecumenical_oubliette, serial_shops, nicolae_shop_stone,
          serial_bayou_pond_d, grunt_ministairs_10
D:4:      cheibrodos_quashed, layout_rooms, trog_three_pillars_becter,
          serial_shops, nicolae_shop_waterfront, uniq_pikel

Skill      XL: |  1  2  3  4 |
---------------+-------------+-----
Spellcasting   | 3 |  3.9
Ice Magic      | 5 |  5.5
Conjurations   | 1 |  1.0
Fighting       | |  0.1
Dodging        | |  2.7
Stealth        | |  1.4

Action                   |  1- 3 |  4- 6 || total
-------------------------+-------+-------++-------
Melee: Unarmed           |     5 |     3 ||     8
 Cast: Freeze            |    33 |       ||    33
       Frozen Ramparts   |     4 |     4 ||     8
  Use: Scroll            |     1 |       ||     1
Armor: Robe              |     9 |       ||     9
Dodge: Dodged            |    25 |     2 ||    27
